Map: Blueshift LE

Players

TYTY (TY) - Winner!

  • Race: Terran Terran
  • Spawn Location: 1:00

Neeb

  • Race: Protoss Protoss
  • Spawn Location: 7:00

Event: 2018 WCS Global Finals

VOD

Have the link to the VOD?

Description

Time

  • Played on: Oct. 28, 2018, 3:32 p.m.
  • Length: 12:11

All games in this series

Show
View Real Time Build Order
Export as new Build Order

TYTY Terran - Winner!

Build Orders: Cyclone Opening 

Get SALT Encoding   

  12  0:00  SCV  
  13  0:13  SCV  
  14  0:20  Supply Depot  
  14  0:26  SCV  
  15  0:42  Barracks, SCV  
  16  0:48  Refinery  
  16  0:54  SCV  
  16  0:55  Refinery  
  17  1:06  SCV  
  18  1:18  SCV  
  19  1:29  Reaper  
  19  1:30  Orbital Command  
  20  1:50  Supply Depot  
  20  1:52  Factory  
  20  1:56  SCV  
  21  2:08  SCV, Barracks Tech Lab  
  22  2:23  SCV  
  22  2:27  Marauder, Supply Depot  
  22  2:29  Concussive Shells  
  25  2:35  Cyclone  
  25  2:37  SCV  
  29  2:41  Bunker  
  29  2:49  Marauder  
  31  2:52  SCV  
  31  3:06  SCV  
  31  3:07  Cyclone  
  34  3:13  Marauder  
  36  3:25  SCV  
  36  3:28  Supply Depot  
  36  3:37  SCV  
  37  3:44  Marine  
  38  3:50  Cyclone  
  38  3:53  SCV  
  39  4:05  Marauder, SCV  
  39  4:08  Starport  
  40  4:17  SCV  
  38  4:29  Widow Mine, SCV  
  34  4:32  Marine  
  34  4:33  Barracks  
  34  4:44  Bunker  
  34  4:49  Marine, Starport Tech Lab  
  34  4:54  SCV  
  32  5:07  Marine  
  32  5:09  Banshee  
  34  5:20  Marine  
  35  5:22  Barracks, SCV  
  36  5:32  Marine  
  37  5:36  SCV  
  36  5:50  Marine  
  36  5:56  Command Center  
  38  5:59  SCV  
  38  6:02  Barracks Reactor  
  38  6:09  Raven  
  37  6:11  SCV  
  37  6:13  Barracks Tech Lab  
  37  6:16  Factory Tech Lab  
  38  6:23  SCV  
  39  6:26  Barracks, Engineering Bay  
  39  6:31  Marine  
  37  6:36  SCV, Siege Tank  
  37  6:38  Marine x2  
  41  6:48  SCV  
  41  7:00  SCV  
  42  7:04  Viking  
  43  7:10  Marine x2  
  43  7:12  SCV  
  43  7:19  Siege Tank  
  47  7:32  Supply Depot  
  46  7:39  Marine  
  46  7:40  Marine  
  46  7:41  Marine  
  50  7:53  Siege Tank  
  50  7:54  SCV  
  50  7:57  Marine  
  50  7:58  Marine  
  54  7:59  Marine  
  54  8:03  Stimpack, Orbital Command  
  54  8:06  SCV  
  54  8:07  Marine  
  54  8:10  Starport Reactor  
  56  8:18  SCV  
  56  8:19  Marine x2  
  59  8:21  Marine  
  60  8:30  SCV  
  60  8:31  SCV  
  60  8:33  Siege Tank  
  62  8:40  Marine x2  
  63  8:43  SCV x2  
  63  8:47  Marine  
  66  8:48  Supply Depot  
  69  8:57  Medivac  
  69  8:59  Marine x2  
  69  9:00  Supply Depot  
  70  9:06  SCV  
  70  9:08  Marine  
  70  9:10  Marine  
  70  9:16  SCV  
  72  9:17  Marine x2  
  72  9:18  SCV  
  72  9:20  Medivac  
  76  9:25  Marine  
  76  9:28  Marine  
  76  9:30  Supply Depot  
  76  9:34  Marine  
  76  9:35  Marine  
  76  9:37  Refinery  
  78  9:42  Widow Mine, Supply Depot  
  78  9:43  Marine  
  83  9:45  Marine  
  83  9:47  SCV x2  
  83  9:50  Terran Infantry Weapons Level 1  
  84  9:55  Marine x2  
  85  10:00  SCV x2  
  85  10:01  Marine  
  85  10:02  Medivac  
  85  10:03  Marine  
  85  10:06  Widow Mine  
  93  10:08  Supply Depot  
  92  10:18  Marine x2  
  92  10:21  Marine x2  
  94  10:29  Widow Mine  
  94  10:32  Combat Shield  
  94  10:33  Medivac  
  96  10:36  Marine x2  
  96  10:39  Marine  
  99  10:48  Marine  
  100  10:55  Marine x2  
  84  11:01  Marine  
  74  11:09  Medivac  
  70  11:13  Marine  
  67  11:18  SCV  
  67  11:22  Marine  
  64  11:32  Marine  
  64  11:33  Marine  
  63  11:40  Marine  
  63  11:46  Marine  
Show
View Real Time Build Order
Export as new Build Order

Neeb Protoss 

Build Orders: 1 Gate Expand 

Get SALT Encoding   

  12  0:00  Probe  
  13  0:12  Probe  
  14  0:17  Pylon  
  14  0:23  Probe  
  15  0:31  Probe  
  15  0:36  Gateway  
  15  0:40  Probe  
  16  0:45  Assimilator  
  17  0:51  Probe  
  18  1:03  Probe  
  19  1:15  Probe  
  20  1:23  Cybernetics Core  
  20  1:33  Probe, Nexus  
  21  1:41  Pylon  
  21  1:45  Probe  
  22  1:48  Assimilator  
  22  1:54  Adept  
  22  1:57  Probe  
  25  2:09  Probe  
  26  2:23  Robotics Facility  
  26  2:25  Adept  
  28  2:37  Shield Battery  
  28  2:43  Shield Battery  
  28  2:44  Stalker  
  28  2:58  Shield Battery  
  30  3:01  Immortal  
  34  3:20  Stalker  
  34  3:33  Immortal  
  34  3:40  Shield Battery  
  38  3:45  Stalker  
  38  4:12  Immortal  
  38  4:16  Probe  
  39  4:25  Warp Gate  
  35  4:37  Nexus  
  35  4:43  Pylon  
  35  4:58  Pylon  
  35  5:01  Probe  
  35  5:07  Warp Prism, Pylon  
  36  5:13  Probe  
  36  5:25  Stalker  
  36  5:26  Probe  
  39  5:29  Gateway  
  39  5:38  Probe  
  40  5:49  Stalker  
  40  5:50  Probe  
  40  5:55  Observer  
  40  5:58  Probe  
  40  6:01  Shield Battery  
  40  6:02  Probe  
  42  6:10  Probe  
  43  6:14  Gateway  
  43  6:16  Probe, Gateway  
  43  6:18  Observer  
  46  6:27  Pylon  
  46  6:29  Probe  
  46  6:33  Zealot x2  
  46  6:35  Probe  
  51  6:43  Probe  
  52  6:47  Observer  
  53  6:57  Probe x2  
  53  6:59  Stalker x2  
  53  7:01  Pylon  
  59  7:08  Pylon  
  59  7:09  Probe x2  
  57  7:21  Probe x2  
  57  7:27  Stalker x4  
  65  7:30  Twilight Council  
  65  7:33  Assimilator  
  65  7:36  Probe  
  66  7:37  Assimilator  
  66  7:45  Probe  
  67  7:52  Adept x4  
  77  8:00  Pylon  
  77  8:01  Pylon  
  75  8:14  Nexus  
  75  8:21  Stalker x2  
  75  8:25  Stalker  
  72  8:34  Charge  
  72  8:40  Probe  
  69  8:43  Probe  
  69  8:45  Adept x4  
  69  8:48  Pylon  
  78  8:54  Templar Archives  
  78  8:59  Probe x2  
  80  9:11  Probe x2  
  80  9:12  Sentry x2  
  80  9:13  Stalker  
  80  9:16  Stalker  
  90  9:23  Probe  
  91  9:26  Probe  
  90  9:31  Probe  
  90  9:35  Pylon  
  90  9:37  Gateway x2  
  91  9:41  Probe x2  
  91  9:43  Probe  
  94  9:48  High Templar x4  
  94  9:51  Assimilator  
  102  9:52  Assimilator  
  102  9:57  Archon  
  102  9:59  Archon  
  102  10:01  Gateway x2  
  102  10:02  Immortal  
  96  10:26  High Templar x2, Zealot  
  96  10:27  Zealot  
  96  10:28  Probe x2  
  100  10:29  Probe  
  100  10:31  Archon  
  100  10:32  Pylon  
  101  10:35  Immortal  
  105  10:43  Zealot x4  
  91  10:57  Zealot  
  91  10:58  Zealot x5  
  91  11:00  Zealot  
  91  11:03  Zealot  
  50  11:20  High Templar x4, Zealot x2  
  50  11:24  Archon x2  
  50  11:25  Zealot x2  
  56  11:35  Observer  
  49  11:43  Zealot  
  49  11:44  High Templar, Zealot x2  
  49  11:46  High Templar  
  55  11:47  Zealot  
  55  11:53  Archon, Zealot x2  
Tags
 
Add a new tag
Caveats
  • Supply blocks, unpowered buildings, or Contaminate may cause inaccurate times.
  • Supply counts are checked every 10 seconds.